 Dungeon Crawl Stone Soup version 0.30-a0-950-gbf40cfac39 (webtiles) character file.

Game seed: 10010909464794190419

67 Maize the Trooper (level 4, 40/40 HPs)
             Began as a Minotaur Fighter on Mar 28, 2023.
             Quit the game on level 3 of the Dungeon.
             The game lasted 00:05:19 (1840 turns).

Maize the Trooper (Minotaur Fighter)                Turns: 1840, Time: 00:05:19

Health: 40/40      AC: 19    Str: 22    XL:     4   Next: 0%
Magic:  3/3        EV:  6    Int:  5    God:
Gold:   123        SH:  4    Dex: 10    Spells: 3/3 levels left

rFire   . . .      SeeInvis +    a - +0 long sword
rCold   . . .      Faith    .    c - +0 buckler
rNeg    . . .      Spirit   .    g - +0 plate armour
rPois   .          Reflect  .    (helmet restricted)
rElec   .          Rampage  .    (no cloak)
rCorr   .                        (no gloves)
Will    .....                    p - +2 pair of boots Stlth
                                 (no amulet)
HPRegen 0.26/turn                k - +4 ring of protection
MPRegen 0.08/turn                f - ring of see invisible

@: no status effects
A: horns 2, retaliatory headbutt
a: no special abilities


You were on level 3 of the Dungeon.
You visited 1 branch of the dungeon, and saw 3 of its levels.

You collected 123 gold pieces.

Inventory:

Hand Weapons
 a - a +0 long sword (weapon)
Armour
 c - a +0 buckler (worn)
 g - a +0 plate armour (worn)
 p - a +2 pair of boots (worn)
Jewellery
 f - a ring of see invisible (right hand)
 k - a +4 ring of protection (left hand)
 m - a ring of ice
Scrolls
 e - 5 scrolls of identify {unknown}
 j - a scroll of poison {unknown}
 l - 3 scrolls of teleportation {unknown}
 n - a scroll of amnesia {unknown}
 o - a scroll of enchant armour {unknown}
 q - a scroll of fear {unknown}
 r - a scroll of noise {unknown}
 u - a scroll of vulnerability {unknown}
 v - a scroll of butterflies {unknown}
Potions
 b - 2 potions of curing {unknown}
 d - 2 potions of might
 h - a potion of invisibility {unknown}
 i - a potion of resistance {unknown}
 s - a potion of heal wounds {unknown}
 t - a potion of lignification {unknown}


   Skills:
 + Level 4.2 Fighting
 * Level 3.7 Long Blades
 + Level 4.1 Armour
 + Level 4.2 Shields


You had 3 spell levels left.
You didn't know any spells.
Your spell library contained the following spells:

 Spells                   Type           Power      Damage    Failure   Level
 Beastly Appendage        Tmut           0%         N/A       100%        1
 Sting                    Tmut/Pois      0%         1d3       100%        1
 Blink                    Tloc           0%         N/A       100%        2
 Lesser Beckoning         Tloc           0%         N/A       100%        2
 Momentum Strike          Conj/Tloc      0%         3d8       100%        2
 Poisonous Vapours        Pois/Air       0%         N/A       100%        2
 Sublimation of Blood     Necr           0%         N/A       100%        2
 Wereblood                Tmut           0%         N/A       100%        2
 Dazzling Flash           Conj/Hex       0%         N/A       100%        3
 Gell's Gravitas          Tloc           0%         N/A       100%        3
 Teleport Other           Tloc           0%         N/A       100%        3
 Olgreb's Toxic Radiance  Pois           0%         N/A       100%        4
 Agony                    Necr           0%         N/A       100%        5
 Silence                  Hex/Air        0%         N/A       100%        5
 Summon Hydra             Summ           0%         N/A       100%        7


Dungeon Overview and Level Annotations

Branches:
Dungeon (3/15)

Altars:

Shops:
D:1 (


Innate Abilities, Weirdness & Mutations

You have a pair of horns on your head.
You reflexively headbutt those who attack you in melee.


Message History

The hobgoblin hits you.
You hit the hobgoblin.
The hobgoblin is severely wounded.
The hobgoblin hits you but does no damage.
You hit the hobgoblin.
You kill the hobgoblin!
No target in view!
HP restored.
You open the door.
There is an open door here.
Found 3 stones.
You now have 108 gold pieces (gained 11).
u - a scroll labelled LALO BOTHRO
Found a stone staircase leading down.
Found a stone staircase leading down.
No target in view!
No target in view!
A ball python comes into view.
A ball python is nearby!
An endoplasm comes into view.
Found a scroll labelled UFETHA ZOPNOEFF.
The endoplasm quivers.
You barely miss the ball python. You headbutt the ball python.
You kill the ball python!
You hit the endoplasm.
The endoplasm is lightly wounded.
The endoplasm freezes you.
You are frozen.
The endoplasm completely misses you.
You hit the endoplasm.
The endoplasm is moderately wounded.
The endoplasm barely misses you.
You hit the endoplasm but do no damage. You headbutt the endoplasm.
You kill the endoplasm!
You have reached level 4!
You feel agile.
You now have 123 gold pieces (gained 15).
Found a pair of gloves.
There is a stone staircase leading down here.
v - a scroll labelled UFETHA ZOPNOEFF Are you sure you want to abandon this character and quit the game? (Confirm with "yes".)

#.......# #.......#
#.......# #.......#
####.......###.......#
..[..................##
......................#
#....................#
.#....................#
.........>............#
#.#..@..............#
#.....##...#.##....##
#####.##.........###
#.###..#####.#
#.#........#.#
###.....##.#.#
##...#+##...#
#####......(.####
#...#........#.#


There were no monsters in sight!

Vanquished Creatures
  An adder (D:2)
  4 dart slugs
  5 ball pythons
  9 endoplasms
  5 hobgoblins
  4 quokkas
  3 bats
  3 frilled lizards
  6 goblins
  3 kobolds
  A rat (D:2)
44 creatures vanquished.

Vanquished Creatures (others)
  2 fungi (D:1)
  A plant (D:1)
3 creatures vanquished.

Grand Total: 47 creatures vanquished

Notes
Turn   | Place    | Note
-------+----------+-------------------------------------------
     0 | D:1      | Maize the Minotaur Fighter began the quest for the Orb.
     0 | D:1      | Reached XP level 1. HP: 19/19 MP: 0/0
   245 | D:1      | Reached XP level 2. HP: 27/27 MP: 1/1
   397 | D:1      | Found a faded altar of an unknown god.
   403 | D:1      | Got Plato's Compilation of Forms
   630 | D:1      | Found Motua's Antique Weapon Shop.
   676 | D:1      | Reached XP level 3. HP: 29/33 MP: 2/2
  1320 | D:2      | Identified the +1 robe "Reivuwn Uqoi" {rPois Dex+3}
  1819 | D:3      | Reached XP level 4. HP: 37/40 MP: 3/3
  1840 | D:3      | Quit the game

Illustrated notes

Levels and vault maps discovered:
D:1:      lemuel_arrival_room, layout_basic, serial_shops, nicolae_shop_trees,
          shapermc_ecumenical_altar_rom_forum
D:2:      layout_basic, kennysheep_generic_room_12
D:3:      layout_basic, serial_shops, nicolae_lakefront_shop

Skill      XL: |  1  2 |
---------------+-------+-----
Long Blades    | 3 |  3.7
Fighting       | 4 |  4.2
Shields        | 4 |  4.2
Armour         | 4 |  4.1

Action                     |  1- 3 |  4- 6 || total
---------------------------+-------+-------++-------
  Melee: Long sword        |    90 |       ||    90
         Headbutt          |    14 |       ||    14
 Armour: Scale mail        |    37 |       ||    37
         Plate armour      |    22 |       ||    22
  Dodge: Dodged            |    35 |       ||    35
  Block: Buckler           |    18 |       ||    18

Table legend: (Time is in decaauts)
 A = Elapsed time spent in this place.
 B = Non-inter-level travel time spent in this place.
 C = Inter-level travel time spent in this place.
 D = Time resting spent in this place.
 E = Time spent auto-exploring this place.
 F = Levels seen in this place.
 G = Mean time per level.
                   A        B        C        D        E       F      G
               +--------+--------+--------+--------+--------+-----+--------+
         Total |   1864 |   1807 |     57 |      0 |   1315 |   3 |  621.3 |
       Dungeon |   1864 |   1807 |     57 |      0 |   1315 |   3 |  621.3 |
               +--------+--------+--------+--------+--------+-----+--------+

Top non-repeatable levels by time:
     D:1: 1031 daAuts
     D:2: 533 daAuts
     D:3: 299 daAuts
